AoeStats
← gkenthall

MegaRandom

506243455Analyzed
1v1 RM · 21d ago on Sep 12, 2026· 54m 54s· 2 players
Game mode
Random Map
Map size
Tiny (2 player)
Population
200
Speed
Normal
Resources
Standard
Victory
Conquest
Starting age
Dark Age
Ending age
Imperial Age
RankedLock teamsTeams togetherTeam positionsShared explorationLock speedFull tech treeHidden civsTurbo modeCheats
Victory
Defeat
🇺🇸 Jurchens · United States
552
+15
🇷🇴 Cumans · Romania
521
-15
Intrusul
4:04 Loom
11:29 Feudal Age
13:05 Wheelbarrow
13:50 Double-Bit Axe
15:31 Horse Collar
17:54 Forging
17:44 Scale Mail Armor
20:00 Fletching
22:33 Gold Mining
27:06 Arson
36:08 Castle Age
36:45 Fletching
39:11 Bodkin Arrow
40:04 Chain Mail Armor
42:33 Squires
41:53 Pikeman
45:10 Bow Saw
47:25 Bloodlines
46:38 Light Cavalry
52:06 Scale Barding Armor
52:38 Capped Ram
gkenthall
1:17 Loom
17:26 Feudal Age
18:26 Horse Collar
18:35 Double-Bit Axe
19:38 Wheelbarrow
20:04 Town Watch
24:53 Castle Age
24:05 Man-at-Arms
24:31 Arson
24:53 Town Watch
25:33 Gold Mining
25:33 Stone Mining
26:12 Bloodlines
28:28 Forging
28:09 Fletching
28:19 Scale Mail Armor
28:20 Padded Archer Armor
28:26 Scale Barding Armor
27:47 Light Cavalry
28:27 Husbandry
28:55 Pikeman
29:07 Elite Skirmisher
29:28 Pikeman
30:52 Fortified Bastions
34:14 Gambesons
35:57 Crossbowman
37:09 Squires
40:56 Hand Cart
43:44 Fortified Wall
43:30 Murder Holes
43:26 Guard Tower
43:18 Treadmill Crane
44:57 Town Patrol
45:42 Masonry
45:05 Pikeman
47:07 Bow Saw
48:06 Heavy Plow
49:21 Ballistics
56:23 Imperial Age
Connection lost

Rejoining the realm…

Still unreachable

The connection could not be restored.

Session expired

The server has moved on; the page needs a fresh start.